 Dungeon Crawl Stone Soup version 0.26-a0-388-gf3277c4969 (webtiles) character file.

Game seed: 13017892516929625921

236 KristoblXynda the Slasher (level 5, -1/47 HPs)
             Began as a Draconian Chaos Knight on July 21, 2020.
             Was a Plaything of Xom.
             Slain by a white imp (5 damage)
             ... summoned by Xom
             ... on level 4 of the Dungeon.
             The game lasted 00:03:09 (2471 turns).

KristoblXynda the Slasher (Draconian Chaos Knight)  Turns: 2471, Time: 00:03:11

Health: -1/47      AC:  9    Str: 14    XL:     5   Next: 77%
Magic:  5/5        EV: 13    Int: 14    God:    Xom [*.....]
Gold:   132        SH:  0    Dex: 10    Spells: 4/4 levels left

rFire    . . .     SeeInvis +   a - +0 falchion (chaos)
rCold    . . .     Faith    .   (no shield)
rNeg     . . .     Spirit   .   (armour unavailable)
rPois    .         Reflect  .   (helmet restricted)
rElec    .         Harm     .   d - +1 cloak
rCorr    .                      n - +1 pair of gloves
MR       .....                  (no boots)
Stlth    +.........             (no amulet)
HPRegen  0.15/turn              l - ring of see invisible
MPRegen  0.09/turn              (no ring)

@: slowed, very slow
A: unfitting armour, cold-blooded, AC +5
a: Renounce Religion


You were on level 4 of the Dungeon.
You worshipped Xom.
You were a special plaything of Xom.
You visited 1 branch of the dungeon, and saw 4 of its levels.

You collected 132 gold pieces.

Inventory:

Hand Weapons
 a - a +0 falchion of chaos (weapon)
Armour
 d - a +1 cloak (worn)
 n - a +1 pair of gloves (worn)
 u - a +0 buckler
Jewellery
 l - a ring of see invisible (left hand)
Scrolls
 b - 2 scrolls of identify
 e - 3 scrolls of magic mapping
 f - 3 scrolls of enchant weapon {unknown}
 g - 2 scrolls of remove curse {unknown}
 i - a scroll of enchant armour {unknown}
 k - a scroll of random uselessness {unknown}
 m - 3 scrolls of blinking {unknown}
 o - a scroll of fear {unknown}
 p - a scroll of teleportation {unknown}
 q - 2 scrolls of immolation {unknown}
 s - a scroll of amnesia {unknown}
Potions
 c - 3 potions of heal wounds
 h - a potion of invisibility
 j - 3 potions of ambrosia {unknown}
 r - a potion of cancellation {unknown}
 t - a potion of curing {unknown}


   Skills:
 + Level 4.5 Fighting
 * Level 5.1 Long Blades
 + Level 3.3 Dodging


You had 4 spell levels left.
You didn't know any spells.
Your spell library was empty.

Dungeon Overview and Level Annotations

Branches:
Dungeon (4/15)
 Temple: D:4-7

Altars:
Cheibriados
Hepliaklqana
Sif Muna
Uskayaw
Xom
The Shining One


Innate Abilities, Weirdness & Mutations

Your plain brown scales are hard. (AC +5)
You cannot fit into any form of body armour.
You are cold-blooded and may be slowed by cold attacks.


Message History

The white imp freezes you.
You closely miss the white imp.
The white imp hits you but does no damage.
The white imp gestures at you. The puff of frost hits you.
* * * LOW HITPOINT WARNING * * *
You hit the white imp.
The white imp is lightly wounded.
The white imp gestures at you. The puff of frost hits you.
* * * LOW HITPOINT WARNING * * *
The white imp hits you but does no damage.
You hit the white imp.
The white imp's magic leaks into the air.
The white imp is heavily wounded.
The white imp hits you.
* * * LOW HITPOINT WARNING * * *
The white imp freezes you.
You feel yourself slow down.
You die... "What!?
That's it?"

....>.##..#
..........#
..........##
........... ##
.......... ...
.........###....
.....#..........
........5.####...
........5@.../...
...####....##.####
.!.....<......#
......####....#
...##. .###..# ..
# . ... # .. #.


You could see 2 white imps.

Vanquished Creatures
  A bullfrog skeleton (D:2)
  Jessica (D:3)
  Terence (D:2)
  3 adders
  4 gnolls (D:2)
  2 oozes
  A worm (D:3)
  2 dart slugs
  2 leopard geckos (D:1)
  4 orcs (D:3)
  8 bats
  A giant cockroach (D:1)
  13 goblins
  9 hobgoblins
  4 jackals (D:3)
  2 quokkas
  5 frilled lizards
  2 kobolds (D:2)
  3 rats
68 creatures vanquished.

Notes
Turn   | Place    | Note
-------+----------+-------------------------------------------
     0 | D:1      | KristoblXynda the Draconian Chaos Knight began the quest
                  | for the Orb.
     0 | D:1      | Reached XP level 1. HP: 19/19 MP: 1/1
   128 | D:1      | XOM: divination: detect items
   159 | D:1      | Reached XP level 2. HP: 21/26 MP: 2/2
   169 | D:1      | XOM: divination: detect creatures
   660 | D:1      | XOM: silly message
   728 | D:1      | Found a hide-covered altar of Uskayaw.
   730 | D:1      | Found a snail-covered altar of Cheibriados.
   730 | D:1      | Found a glowing golden altar of the Shining One.
   733 | D:1      | Reached XP level 3. HP: 33/33 MP: 3/3
   735 | D:1      | Found a glowing golden altar of the Shining One.
   735 | D:1      | Found a shimmering altar of Xom.
   735 | D:1      | Found a hazy altar of Hepliaklqana.
   785 | D:2      | XOM: potion effect (stabbing)
   825 | D:2      | Reached skill level 4 in Long Blades
   922 | D:2      | Reached XP level 4. HP: 37/40 MP: 4/4
  1111 | D:2      | Noticed Terence
  1122 | D:2      | Killed Terence
  1122 | D:2      | XOM: confuse monster(s)
  1130 | D:2      | Reached XP level 5. HP: 33/46 MP: 5/5
  1968 | D:3      | XOM: summons 2 hostile demons
  2067 | D:3      | XOM: 2-stop teleportation journey
  2129 | D:3      | Noticed Jessica
  2132 | D:3      | XOM: 2-stop teleportation journey
  2230 | D:3      | Reached skill level 5 in Long Blades
  2372 | D:3      | Found a shimmering blue altar of Sif Muna.
  2373 | D:3      | Killed Jessica
  2459 | D:4      | XOM: summons 3 hostile demons
  2471 | D:4      | Slain by a white imp

Illustrated notes

Levels and vault maps discovered:
D:1:      dpeg_chamrin_arrival_tetris, layout_loops_ring, doesnt_xom_only_xom
D:2:      layout_basic, uniq_terence
D:3:      layout_loops_ring, tgw_sif, uniq_jessica
D:4:      layout_rooms, grunt_temple_overflow_holy_war, hex_intersection,
          minmay_fractal_squares_5

Skill      XL: |  1  2  3  4  5 |
---------------+----------------+-----
Long Blades    | 4 5 |  5.1
Fighting       | 4 |  4.5
Dodging        | 3 |  3.3

Action                   |  1- 3 |  4- 6 || total
-------------------------+-------+-------++-------
Melee: Falchion          |    78 |   124 ||   202
       Tailslap          |    15 |    15 ||    30
  Use: Scroll            |     3 |       ||     3
 Stab: Paralysed         |       |     1 ||     1
       Sleeping          |       |     1 ||     1
Armor: Skin              |    39 |    55 ||    94
Dodge: Dodged            |    92 |    92 ||   184
       Rpst.: Falchion   |    34 |    25 ||    59

Table legend: (Time is in decaauts)
 A = Elapsed time spent in this place.
 B = Non-inter-level travel time spent in this place.
 C = Inter-level travel time spent in this place.
 D = Time resting spent in this place.
 E = Time spent auto-exploring this place.
 F = Levels seen in this place.
 G = Mean time per level.
                   A        B        C        D        E       F      G
               +--------+--------+--------+--------+--------+-----+--------+
         Total |   2486 |   2433 |     53 |     82 |   1850 |   4 |  621.5 |
       Dungeon |   2486 |   2433 |     53 |     82 |   1850 |   4 |  621.5 |
               +--------+--------+--------+--------+--------+-----+--------+
Top levels by time: D:3: 861 daAuts D:2: 819 daAuts D:1: 788 daAuts D:4: 17 daAuts
